 Dungeon Crawl Stone Soup version 0.27-a0-951-gae3e1deef5 (webtiles) character file.

Game seed: 17934709751403800191

291 polve the Cutter (level 6, -5/47 HPs)
             Began as a Demonspawn Abyssal Knight on Apr 11, 2021.
             Was a Believer of Lugonu.
             Slain by Edmund
             ... wielding a +3 flail of holy wrath
              (12 damage)
             ... on level 4 of the Dungeon.
             The game lasted 00:05:36 (5233 turns).

polve the Cutter (Demonspawn Abyssal Knight)        Turns: 5233, Time: 00:05:36

Health: -5/47      AC:  5    Str: 14    XL:     6   Next: 10%
Magic:  7/7        EV: 10    Int: 20    God:    Lugonu [**....]
Gold:   241        SH:  0    Dex: 12    Spells: 5/5 levels left

rFire    + . .     SeeInvis .   r - +0 short sword (venom)
rCold    . . .     Faith    .   (no shield)
rNeg     . . .     Spirit   .   p - +0 ring mail
rPois    +         Reflect  .   (helmet restricted)
rElec    .         Harm     .   m - scarf {shadows}
rCorr    .         Rampage  .   (no gloves)
Will     .....                  (no boots)
Stlth    +.........             (no amulet)
HPRegen  0.15/turn              e - ring "Ussefuxt" {rPois rF+}
MPRegen  0.10/turn              o - +6 ring of intelligence

@: no status effects
A: horns 2, foul stench 3
a: Renounce Religion, Depart the Abyss, Bend Space


You were on level 4 of the Dungeon.
You worshipped Lugonu.
Lugonu was pleased with you.
You visited 1 branch of the dungeon, and saw 4 of its levels.
You visited the Abyss 1 time.

You collected 241 gold pieces.

Inventory:

Hand Weapons
 r - a +0 short sword of venom (weapon)
Armour
 m - a scarf of shadows (worn)
 n - a +0 helmet
 p - a +0 ring mail (worn)
Jewellery
 e - the ring "Ussefuxt" (left hand) {rPois rF+}
   (You found it on level 2 of the Abyss)

   [ring of poison resistance]

   It protects you from fire.
   It protects you from poison.
 i - a ring of wizardry
 o - a +6 ring of intelligence (right hand)
 q - a ring of see invisible
 t - a ring of positive energy
Scrolls
 a - a scroll of noise {unknown}
 f - 4 scrolls of amnesia {unknown}
 h - a scroll of enchant armour {unknown}
 j - 2 scrolls of fog {unknown}
 l - a scroll of magic mapping {unknown}
 s - a scroll of enchant weapon {unknown}
 w - a scroll of vulnerability {unknown}
 x - a scroll of silence {unknown}
Potions
 b - a potion of lignification {unknown}
 c - a potion of attraction {unknown}
 d - 2 potions of invisibility {unknown}
 g - 4 potions of heal wounds {unknown}
 k - a potion of ambrosia {unknown}
 u - a potion of cancellation {unknown}
 v - a potion of magic {unknown}


   Skills:
 - Level 3.0 Fighting
 + Level 5.9 Short Blades
 - Level 1.7 Armour
 - Level 0.8 Dodging
 - Level 2.4 Invocations


You had 5 spell levels left.
You didn't know any spells.
Your spell library contained the following spells:

 Spells                   Type           Power      Damage    Failure   Level
 Animate Skeleton         Necr           0%         N/A       36%         1
 Apportation              Tloc           0%         N/A       36%         1
 Corona                   Hex            0%         N/A       36%         1
 Summon Small Mammal      Summ           0%         N/A       36%         1


Dungeon Overview and Level Annotations

Branches:
Dungeon (4/15)
 Temple: D:4-7

Altars:
Hepliaklqana
Makhleb
Sif Muna
Vehumet

Annotations:
D:4 Edmund


Innate Abilities, Weirdness & Mutations

You have a pair of horns on your head.
You frequently emit foul miasma when damaged in melee.


Message History

No target in view!
No target in view!
No target in view!
No target in view!
No target in view!
x - a scroll labelled UWEDISIREU
f - 4 scrolls labelled PUDYAT VOHE (gained 1) Edmund the Younger comes into view.
He is wielding a +3 flail of holy wrath.
Edmund shouts!
Edmund is nearby!
Edmund is nearby!
You hit Edmund but do no damage.
Edmund is poisoned.
Edmund hits you with a +3 flail of holy wrath.
You convulse.
You closely miss Edmund.
Edmund is lightly wounded.
Edmund hits you with a +3 flail of holy wrath!
You convulse.
Edmund drinks a potion.
Edmund seems to grow stronger.
Edmund mutters, "Who needs spells, anyway?"
Edmund looks more healthy.
Edmund no longer looks unusually strong.
You swing at nothing.
You swing at nothing.
You hit Edmund but do no damage.
Edmund is poisoned.
Edmund is moderately wounded.
Edmund hits you with a +3 flail of holy wrath!
You convulse!
Things that are here:
a +0 hand axe; a +0 hand axe; a +0 club
There is a stone staircase leading up here.
Edmund looks more healthy.
An orc comes into view. It is wielding a +0 spear.
The orc shouts!
You hit Edmund but do no damage.
Edmund is poisoned.
Edmund is heavily wounded.
Edmund hits you with a +3 flail of holy wrath!
* * * LOW HITPOINT WARNING * * *
You convulse!
You die...

......# #.†............#
......# #..............#
......# ###...#####..###
##.#..#####..#.# ###..#
#<.##..##...##.# #....#
...###.....[o#.###.##.##
.#.#####.###...........# .. #.
.#.##....# ###...@.....# .# #.
.#.....#####...#@#.....#####.#
#.
##...............#...........#
#.
##...........#.###...........#
#. ##.....#######.#
#...........# #. #.....## #..#
#...........# #. .....## #.##
###.##......# #. ....## #.#
#.##......###. ....####### #.#
##....##.......
#.....)<..###.#
#..#####.......


You could see Edmund (very poisoned) and an orc.

Vanquished Creatures
  An ogre (D:4)
  A crimson imp (D:3)
  An iguana (D:4)
  An orc wizard (D:3)
  Robin (D:2)
  2 adders
  2 worms (D:3)
  A dart slug (D:3)
  7 orcs
  6 endoplasms
  2 giant cockroaches
  11 goblins
  7 hobgoblins
  2 jackals (D:1)
  10 kobolds
  3 quokkas (D:1)
  5 ball pythons
  7 bats
  4 frilled lizards (D:1)
  A quokka skeleton (D:4)
  3 rats
78 creatures vanquished.

Vanquished Creatures (others)
  8 plants (D:1)
8 creatures vanquished.

Grand Total: 86 creatures vanquished

Notes
Turn   | Place    | Note
-------+----------+-------------------------------------------
     0 | Abyss:1  | polve the Demonspawn Abyssal Knight began the quest for the
                  | Orb.
     0 | Abyss:1  | Reached XP level 1. HP: 18/18 MP: 2/2
    47 | Abyss:1  | Found a corrupted altar of Lugonu.
   108 | Abyss:1  | Noticed a large abomination
   181 | Abyss:2  | Noticed a cacodemon
   181 | Abyss:2  | Noticed an orange demon
   195 | Abyss:2  | Identified the ring "Ussefuxt" {rPois rF+}
   197 | D:1      | Escaped the Abyss
   220 | D:1      | Found a faded altar of an unknown god.
   258 | D:1      | Reached skill level 2 in Short Blades
   502 | D:1      | Gained mutation: You may rarely emit foul miasma when
                  | damaged in melee. [demonic ancestry]
   502 | D:1      | Reached XP level 2. HP: 24/24 MP: 3/3
   582 | D:1      | Reached * piety under Lugonu
   967 | D:1      | Reached skill level 3 in Short Blades
  1414 | D:1      | Gained mutation: You sometimes emit foul miasma when
                  | damaged in melee. [demonic ancestry]
  1414 | D:1      | Reached XP level 3. HP: 28/29 MP: 4/4
  2547 | D:2      | Noticed Robin
  2554 | D:2      | Killed Robin
  3216 | D:2      | Gained mutation: You frequently emit foul miasma when
                  | damaged in melee. [demonic ancestry]
  3216 | D:2      | Reached XP level 4. HP: 29/35 MP: 5/5
  3494 | D:3      | Reached skill level 4 in Short Blades
  3675 | D:3      | Reached ** piety under Lugonu
  3835 | D:3      | Found a burning altar of Makhleb.
  3835 | D:3      | Found a radiant altar of Vehumet.
  4056 | D:3      | Found a hazy altar of Hepliaklqana.
  4266 | D:3      | Gained mutation: You have a pair of small horns on your
                  | head. [demonic ancestry]
  4266 | D:3      | Reached XP level 5. HP: 29/41 MP: 6/6
  4269 | D:3      | Reached skill level 5 in Short Blades
  4362 | D:3      | Found a shimmering blue altar of Sif Muna.
  4840 | D:4      | Noticed an ogre
  4857 | D:4      | Killed an ogre
  4858 | D:4      | Gained mutation: You have a pair of horns on your head.
                  | [demonic ancestry]
  4858 | D:4      | Reached XP level 6. HP: 25/47 MP: 7/7
  5164 | D:4      | Noticed Edmund
  5233 | D:4      | Slain by Edmund

Illustrated notes

Levels and vault maps discovered:
D:1:      dpeg_arrival_tiny_k, layout_loops_ring,
          shapermc_ecumenical_altar_starsandcircs, lexackson_kobold_supper
D:2:      layout_basic, minmay_misc_feat_more_columns, serial_bayou_crossing,
          uniq_robin
D:3:      layout_basic, nicolae_overflow_hidden_temple, lemuel_doored_altar,
          grunt_temple_overflow_lords_of_destruction, hex_medium
D:4:      layout_rooms, kennysheep_dice, uniq_grinder, uniq_edmund

Skill      XL: |  1  2  3  4  5 |
---------------+----------------+-----
Short Blades   | 2 3 4 5 |  5.9
Fighting       | |  3.0
Armour         | |  1.7
Dodging        | |  0.8
Invocations    | |  2.4

Action                   |  1- 3 |  4- 6 || total
-------------------------+-------+-------++-------
Melee: Short sword       |   152 |    97 ||   249
       Headbutt          |       |     7 ||     7
Invok: Depart the Abyss  |     1 |       ||     1
Armor: Leather armour    |    39 |       ||    39
       Ring mail         |       |    18 ||    18
Dodge: Dodged            |    78 |    41 ||   119

Table legend: (Time is in decaauts)
 A = Elapsed time spent in this place.
 B = Non-inter-level travel time spent in this place.
 C = Inter-level travel time spent in this place.
 D = Time resting spent in this place.
 E = Time spent auto-exploring this place.
 F = Levels seen in this place.
 G = Mean time per level.
                   A        B        C        D        E       F      G
               +--------+--------+--------+--------+--------+-----+--------+
         Total |   5217 |   4984 |    233 |      0 |   4195 |   6 |  869.5 |
       Dungeon |   5021 |   4788 |    233 |      0 |   4054 |   4 | 1255.2 |
         Abyss |    196 |    196 |      0 |      0 |    141 |   2 |   98.0 |
               +--------+--------+--------+--------+--------+-----+--------+

Top non-repeatable levels by time:
     D:2: 1679 daAuts
     D:1: 1598 daAuts
     D:3: 1012 daAuts
     D:4: 730 daAuts
 Abyss:1: 153 daAuts
 Abyss:2: 43 daAuts
